 Dungeon Crawl Stone Soup version 0.29-a0-789-g7a8fcbc185 (webtiles) character file.

Game seed: 2437592561263532383

259 HoaS the Shooter (level 6, -14/35 HPs)
             Began as a Gargoyle Hunter on July 2, 2022.
             Was an Initiate of Okawaru.
             Demolished by an ogre
             ... wielding a +0 giant club
              (15 damage)
             ... on level 4 of the Dungeon.
             The game lasted 00:06:37 (2348 turns).

HoaS the Shooter (Gargoyle Hunter)                  Turns: 2348, Time: 00:06:37

Health: -14/35     AC:  8    Str: 14    XL:     6   Next: 17%
Magic:  0/6        EV: 11    Int: 10    God:    Okawaru [......]
Gold:   322        SH:  0    Dex: 15    Spells: 5/5 levels left

rFire   . . .      SeeInvis .   a - +0 shortbow
rCold   . . .      Faith    .   (shield currently unavailable)
rNeg    + + .      Spirit   +   c - +0 leather armour
rPois   ∞          Reflect  .   (no helmet)
rElec   +          Harm     .   (no cloak)
rCorr   .          Rampage  .   d - +0 pair of gloves
Will    .....                   (no boots)
Stlth   ++........              g - amulet of guardian spirit
HPRegen 0.11/turn               n - ring of positive energy
MPRegen 0.10/turn               (no ring)

@: no status effects
A: sickness immunity, AC +4, negative energy resistance 1, electricity
resistance, torment resistance 1, petrification resistance
a: Renounce Religion


You were on level 4 of the Dungeon.
You worshipped Okawaru.
Okawaru was noncommittal.
You visited 2 branches of the dungeon, and saw 5 of its levels.

You collected 322 gold pieces.

Inventory:

Hand Weapons
 a - a +0 shortbow (weapon)
Armour
 c - a +0 leather armour (worn)
 d - a +0 pair of gloves (worn)
 m - a +0 ring mail
Jewellery
 g - an amulet of guardian spirit (around neck)
 n - a ring of positive energy (left hand)
Wands
 k - a wand of roots (3)
Scrolls
 b - 2 scrolls of immolation
 j - a scroll of fog
 o - a scroll of teleportation {unknown}
 p - a scroll of silence {unknown}
Potions
 e - a potion of resistance
 f - a potion of attraction
 h - a potion of flight {unknown}
 i - a potion of heal wounds {unknown}
 l - 2 potions of might


   Skills:
 - Level 2.1 Fighting
 * Level 7.2 Ranged Weapons
 - Level 1.5 Dodging
 - Level 1.1 Stealth
 + Level 0.2 Invocations


You had 5 spell levels left.
You didn't know any spells.
Your spell library contained the following spells:

 Spells                   Type           Power      Damage    Failure   Level
 Apportation              Tloc           0%         N/A       43%         1
 Beastly Appendage        Tmut           0%         N/A       43%         1
 Necrotize                Necr           0%         1d4       43%         1
 Wereblood                Tmut           0%         N/A       58%         2
 Spider Form              Tmut/Pois      0%         N/A       82%         3
 Summon Small Mammal      Summ           Unusable   N/A       N/A         1

Dungeon Overview and Level Annotations

Branches:
Dungeon (4/15)             Temple (1/1) D:4

Altars:
Dithmenos
Fedhas
Gozag
Hepliaklqana
Kikubaaqudgha
Okawaru
Qazlal
Ru
Sif Muna
Trog
Uskayaw
Vehumet
Wu Jian
Xom
Yredelemnul
Zin


Innate Abilities, Weirdness & Mutations

You are immune to sickness and miasma.
Your stone body is resilient. (AC +4)
You are immune to poison.
You resist negative energy. (rN+)
You are resistant to electric shocks. (rElec)
You are resistant to unholy torment.
You are immune to petrification.


Message History

You shoot an arrow. The arrow closely misses the adder.
The arrow hits the ogre!
The ogre is severely wounded.
The adder bites you but does no damage. x2
You shoot an arrow.
The arrow hits the adder but does no damage.
The adder is severely wounded.
The adder closely misses you.
You shoot an arrow. The arrow barely misses the adder.
The arrow hits the ogre.
The ogre is almost dead.
The adder misses you. The adder bites you but does no damage.
You shoot an arrow. The arrow hits the adder!
You kill the adder!
Okawaru accepts your kill. The quokka closely misses you.
You shoot an arrow. The arrow hits the quokka!
You kill the quokka!
Okawaru accepts your kill.
The ogre hits you with a +0 giant club!!
You are too injured to fight recklessly!
You are too injured to fight recklessly!
You are too injured to fight recklessly!
Okay, then.
Fire: a) +0 shortbow
Press: ? - help, Q - select action, (/) - cycle Shift-Dir - straight line, f - ogre
Aim: an ogre, wielding a +0 giant club (almost dead)
You shoot an arrow. The arrow barely misses the ogre.
Fire: a) +0 shortbow
Press: ? - help, Q - select action, (/) - cycle Shift-Dir - straight line, f/p - ogre
Aim: an ogre, wielding a +0 giant club (almost dead)
You shoot an arrow. The arrow barely misses the ogre.
The ogre hits you with a +0 giant club!
* * * LOW HITPOINT WARNING * * *
Fire: a) +0 shortbow
Press: ? - help, Q - select action, (/) - cycle Shift-Dir - straight line, f/p - ogre
Aim: an ogre, wielding a +0 giant club (almost dead)
You shoot an arrow. The arrow hits the ogre.
The ogre is almost dead.
The ogre hits you with a +0 giant club!
You die...

,,*,,,,,,,,,,,,,,,,,,,,,,,*
***,,,,,,,.#.###.#,,...,,,*
,,*,,,,,,*,.......,.....,,*
,,*,,,,,,*,*.###.#,.....,,*
,,*,,,,,,#.*,#$#.#......,,*
,,#......#.#.*##.#......,,*
,,#......#....,.........,,*
,,#......#.#.###O#......,,*
,,#.............@..#*******
,,#..............###
,,#..............#
<,#..............#
,,+...[..........#
###..............#
.................#
.................#
.................#


You could see an ogre.

Vanquished Creatures
  A scorpion (D:4)
  An orc priest (D:4)
  Jessica (D:2)
  7 adders
  2 dart slugs
  4 orcs (D:4)
  6 ball pythons
  5 endoplasms
  4 giant cockroaches
  11 goblins
  7 hobgoblins
  2 jackals (D:3)
  3 quokkas
  3 bats
  4 frilled lizards
  7 kobolds
  5 rats
73 creatures vanquished.

Vanquished Creatures (others)
  A human (D:4)
1 creature vanquished.

Grand Total: 74 creatures vanquished

Notes
Turn   | Place    | Note
-------+----------+-------------------------------------------
     0 | D:1      | HoaS the Gargoyle Hunter began the quest for the Orb.
     0 | D:1      | Reached XP level 1. HP: 12/12 MP: 1/1
    92 | D:1      | Reached XP level 2. HP: 17/17 MP: 2/2
   342 | D:1      | Found a faded altar of an unknown god.
   434 | D:2      | Found a basalt altar of Yredelemnul.
   445 | D:2      | Reached skill level 5 in Ranged Weapons
   445 | D:2      | Reached XP level 3. HP: 17/21 MP: 1/3
   749 | D:2      | Noticed Jessica
   762 | D:2      | Killed Jessica
   763 | D:2      | Reached XP level 4. HP: 20/26 MP: 4/4
  1223 | D:3      | Reached skill level 6 in Ranged Weapons
  1740 | D:4      | Found an ancient bone altar of Kikubaaqudgha.
  1741 | D:4      | Noticed a human
  1744 | D:4      | Killed a human
  1762 | D:4      | Reached XP level 5. HP: 28/30 MP: 5/5
  1969 | D:4      | Reached skill level 7 in Ranged Weapons
  1969 | D:4      | Reached XP level 6. HP: 20/35 MP: 2/6
  2206 | D:4      | Found a staircase to the Ecumenical Temple.
  2213 | Temple   | Entered the Ecumenical Temple
  2272 | Temple   | Became a worshipper of Warmaster Okawaru
  2347 | D:4      | HP: 1/35 [ogre/+0 giant club (14)]
  2348 | D:4      | Demolished by an ogre

Illustrated notes

Levels and vault maps discovered:
D:1:      dpeg_arrival_pits, layout_rooms, hellmonk_ecumenical_altar_crossroads,
          roderic_malta_cross
D:2:      layout_basic, basic_altar, uniq_jessica
D:3:      layout_rooms, serial_aquarium, aquarium_bridge_long_joined
          [aquarium_subvault_window, aquarium_subvault_window,
          aquarium_subvault_bridge, aquarium_subvault_bridge,
          aquarium_subvault_window, aquarium_subvault_wall], aquarium_window_2,
          aquarium_window_1, aquarium_window_2, aquarium_window_1,
          aquarium_view_2c, aquarium_view_2c, aquarium_balcony_1b
D:4:      layout_gridville, tgw_kikubaaqudgha, minmay_temple_entry_offerings,
          minmay_surrounded
Temple:   eino_wide_crystal_templ

Skill      XL: |  1  2  3  4  5 |
---------------+----------------+-----
Ranged Weapons | 5 6 7 |  7.2
Fighting       | |  2.1
Dodging        | |  1.5
Stealth        | |  1.1
Invocations    | |  0.2

Action                   |  1- 3 |  4- 6 || total
-------------------------+-------+-------++-------
 Fire: Shortbow          |    78 |   184 ||   262
  Use: Scroll            |     1 |     5 ||     6
Armor: Leather armour    |    10 |    52 ||    62
Dodge: Dodged            |    20 |    81 ||   101

Table legend: (Time is in decaauts)
 A = Elapsed time spent in this place.
 B = Non-inter-level travel time spent in this place.
 C = Inter-level travel time spent in this place.
 D = Time resting spent in this place.
 E = Time spent auto-exploring this place.
 F = Levels seen in this place.
 G = Mean time per level.
                   A        B        C        D        E       F      G
               +--------+--------+--------+--------+--------+-----+--------+
         Total |   2413 |   2347 |     66 |    325 |   1490 |   5 |  482.6 |
       Dungeon |   2340 |   2301 |     39 |    325 |   1458 |   4 |  585.0 |
        Temple |     72 |     45 |     27 |      0 |     32 |   1 |   72.0 |
               +--------+--------+--------+--------+--------+-----+--------+

Top non-repeatable levels by time:
     D:2: 721 daAuts
     D:4: 613 daAuts
     D:3: 572 daAuts
     D:1: 434 daAuts
  Temple: 72 daAuts
